 Dungeon Sprint DCSS version 0.27-a0-592-g0306a34022 (webtiles) character file.

Game seed: 9653085282955146341

900 rocky1 the Geomancer (level 7, -7/36 HPs)
             Began as a Deep Elf Earth Elementalist on Mar 11, 2021.
             Was a High Priest of Sif Muna.
             Mangled by a death yak (26 damage)
             ... in the Dungeon (Sprint VII: "The Pits").
             The game lasted 00:05:22 (982 turns).

rocky1 the Geomancer (Deep Elf Earth Elementalist)   Turns: 982, Time: 00:05:22

Health: -7/36      AC:  2    Str:  5    XL:     7   Next: 79%
Magic:  11/21      EV: 16    Int: 22    God:    Sif Muna [*****.]
Gold:   0          SH:  0    Dex: 15    Spells: 11/24 levels left

rFire    . . .     SeeInvis .   m - +0 quarterstaff (speed)
rCold    . . .     Faith    .   (shield currently unavailable)
rNeg     . . .     Spirit   .   c - +0 robe
rPois    .         Reflect  .   (no helmet)
rElec    .         Harm     .   (no cloak)
rCorr    .         Rampage  .   (no gloves)
Will     .....     NoTele   +   (no boots)
Stlth    ++........             (no amulet)
HPRegen  0.12/turn              (no ring)
MPRegen  0.17/turn              (no ring)

@: no status effects
A: no striking features
a: Renounce Religion, Channel Magic, Forget Spell, Divine Exegesis


You were in the Dungeon.
You worshipped Sif Muna.
Sif Muna was extremely pleased with you.
You visited 1 branch

Inventory:

Hand Weapons
 m - a +0 quarterstaff of speed (weapon)
Missiles
 b - 28 stones
Armour
 c - a +0 robe (worn)
Wands
 l - a wand of random effects (8)
Scrolls
 i - a scroll of blinking
 j - 5 scrolls of amnesia
 k - a scroll of summoning
Potions
 a - 2 potions of invisibility
 d - 6 potions of curing
 e - 6 potions of heal wounds
 f - a potion of haste
 g - 4 potions of magic
 h - 3 potions of berserk rage


   Skills:
 + Level 8.1 Dodging
 - Level 2.4 Stealth
 + Level 9.0 Spellcasting
 + Level 5.2 Conjurations
 - Level 4.5 Transmutations
 + Level 12.5 Earth Magic
 + Level 6.9 Invocations


You had 11 spell levels left.
You knew the following spells:

 Your Spells              Type           Power      Damage    Failure   Level
a - Sandblast             Erth           100%       2d20      1%          1
b - Stone Arrow           Conj/Erth      96%        3d13      1%          3
c - Lee's Rapid Deconstr  Erth           30%        3d17*     1%          5
d - Petrify               Tmut/Erth      47%        N/A       1%          4

Your spell library contained the following spells:

 Spells                   Type           Power      Damage    Failure   Level
 Passwall                 Tmut/Erth      39%        N/A       1%          2


Dungeon Overview and Level Annotations

Branches:
Dungeon (1/1)

Altars:
Ashenzari
Cheibriados
Dithmenos
Elyvilon
Fedhas
Gozag
Hepliaklqana
Kikubaaqudgha
Makhleb
Nemelex Xobeh
Okawaru
Qazlal
Ru
Sif Muna
Trog
Uskayaw
Vehumet
Wu Jian
Xom
Yredelemnul
Zin
The Shining One
Beogh
Jiyva
Lugonu


Message History

The metal wall shatters!
The blast of metal fragments hits the orc!!
You kill the orc!
Sif Muna accepts your kill. x2
You see here Sif Muna's Collected Works on Conjuration and the Glacier.
Sif Muna grants you a gift!
You feel a bit more experienced.
The blast of metal fragments hits the bullfrog!!
You kill the bullfrog!
Sif Muna accepts your kill.
The blast of metal fragments hits the death yak!!
The death yak is heavily wounded.
Your Dodging skill increases to level 8!
Your Spellcasting skill increases to level 9!
Casting: Lee's Rapid Deconstruction (dangerous; 1% risk of failure)
Confirm with . or Enter, or press ? or * to list all spells.
Aiming: Lee's Rapid Deconstruction (dangerous; 1% risk of failure)
Press: ? - help, Dir - move target A metal wall.
The metal wall shatters!
The blast of metal fragments hits the death yak!
The death yak is heavily wounded.
The blast of metal fragments hits the orc warrior.
The orc warrior is lightly wounded.
Unknown command.
Casting: Lee's Rapid Deconstruction (dangerous; 1% risk of failure)
Confirm with . or Enter, or press ? or * to list all spells.
Aiming: Lee's Rapid Deconstruction (dangerous; 1% risk of failure)
Press: ? - help, Dir - move target A metal wall.
The metal wall shatters!
The blast of metal fragments hits the death yak!!
The death yak is almost dead.
The blast of metal fragments hits the orc warrior!
The orc warrior is heavily wounded.
The death yak gores you!
Unknown command.
The death yak gores you!!
Ouch! That really hurt!
You die...

#.#........##.......#
#'###########.......#
#.......#..##########
#...รท...#)# ####
#...#...#)#....#
#..###..#'#....#
#...#...#o'..o.+
#.......#Y#....#
#.......@)# ...#
########### ###


You could see a death yak and an orc warrior.

Vanquished Creatures
  A yak (D)
  3 floating eyes (D)
  A water moccasin (D)
  A kobold brigand (D)
  A gnoll sergeant (D)
  A bullfrog (D)
  A crimson imp (D)
  Ijyb (D)
  2 iguanas (D)
  A mummy (D)
  A gnoll (D)
  A river rat (D)
  An ufetubus (D)
  An ooze (D)
  A leopard gecko (D)
  2 orcs (D)
  2 bats (D)
  2 frilled lizards (D)
24 creatures vanquished.

Notes
Turn   | Place    | Note
-------+----------+-------------------------------------------
     0 | D        | rocky1 the Deep Elf Earth Elementalist began the quest for
                  | the Orb.
     0 | D        | Reached XP level 1. HP: 10/10 MP: 6/6
   173 | D        | Found a bloodstained altar of Trog.
   173 | D        | Found a shimmering blue altar of Sif Muna.
   173 | D        | Found a viscous altar of Jiyva.
   173 | D        | Found a hazy altar of Hepliaklqana.
   173 | D        | Found an opulent altar of Gozag.
   174 | D        | Found a glowing golden altar of the Shining One.
   174 | D        | Found a glowing silver altar of Zin.
   174 | D        | Found a basalt altar of Yredelemnul.
   174 | D        | Found a shimmering altar of Xom.
   174 | D        | Found an ornate altar of the Wu Jian Council.
   174 | D        | Found a sacrificial altar of Ru.
   174 | D        | Found a stormy altar of Qazlal.
   174 | D        | Found an iron altar of Okawaru.
   174 | D        | Found a sparkling altar of Nemelex Xobeh.
   174 | D        | Found a burning altar of Makhleb.
   174 | D        | Found a blossoming altar of Fedhas.
   174 | D        | Found a white marble altar of Elyvilon.
   174 | D        | Found a shadowy altar of Dithmenos.
   174 | D        | Found a snail-covered altar of Cheibriados.
   177 | D        | Found a corrupted altar of Lugonu.
   177 | D        | Found a radiant altar of Vehumet.
   178 | D        | Found an ancient bone altar of Kikubaaqudgha.
   178 | D        | Found a hide-covered altar of Uskayaw.
   178 | D        | Found a broken altar of Ashenzari.
   179 | D        | Became a worshipper of Sif Muna the Loreminder
   197 | D        | Reached skill level 5 in Earth Magic
   197 | D        | Reached XP level 2. HP: 4/15 MP: 2/8
   417 | D        | Reached skill level 6 in Earth Magic
   546 | D        | Reached * piety under Sif Muna
   547 | D        | Noticed a floating eye
   551 | D        | Killed a floating eye
   552 | D        | Reached skill level 10 in Earth Magic
   552 | D        | Reached XP level 3. HP: 19/19 MP: 7/9
   552 | D        | Reached XP level 4. HP: 24/24 MP: 7/10
   558 | D        | Noticed a kobold brigand
   558 | D        | Noticed a floating eye
   558 | D        | Noticed a floating eye
   562 | D        | Paralysed by a floating eye for 3 turns
   567 | D        | Paralysed by a floating eye for 4 turns
   571 | D        | Killed a floating eye
   572 | D        | Reached skill level 5 in Spellcasting
   572 | D        | Reached skill level 11 in Earth Magic
   572 | D        | Reached XP level 5. HP: 28/28 MP: 10/14
   575 | D        | Killed a floating eye
   575 | D        | Reached ** piety under Sif Muna
   576 | D        | Reached skill level 5 in Dodging
   576 | D        | Reached XP level 6. HP: 32/32 MP: 11/17
   581 | D        | Learned a level 3 spell: Stone Arrow
   587 | D        | Learned a level 5 spell: Lee's Rapid Deconstruction
   592 | D        | Learned a level 4 spell: Petrify
   649 | D        | Noticed a water moccasin
   655 | D        | Reached *** piety under Sif Muna
   656 | D        | Killed a water moccasin
   657 | D        | Reached skill level 5 in Invocations
   660 | D        | Reached XP level 7. HP: 36/36 MP: 12/19
   662 | D        | Reached skill level 12 in Earth Magic
   805 | D        | Reached **** piety under Sif Muna
   835 | D        | Noticed a yak
   838 | D        | Killed a yak
   932 | D        | Noticed Ijyb
   933 | D        | Reached ***** piety under Sif Muna
   934 | D        | Killed Ijyb
   935 | D        | Reached skill level 5 in Conjurations
   976 | D        | Noticed a death yak
   979 | D        | Identified Sif Muna's Collected Works on Conjuration and
                  | the Glacier (Sif Muna gifted it to you in the Dungeon)
   979 | D        | Received a gift from Sif Muna
   982 | D        | Mangled by a death yak

Illustrated notes

Levels and vault maps discovered:
D:        pitsprint [storerooms_1, entrance_room_1, metal_vault_4, armoury_2,
          mini_pit_1, grid_room_1, main_hall_1, silver_pit, the_coven_1,
          the_vestibule_1, steel_vault_3, golden_pit, hallway_of_sentries,
          crystal_vault_2, iron_vault_5, final_vault]

Skill      XL: |  1  2  3  4  5  6  7 |
---------------+----------------------+-----
Earth Magic    | 5 10 11 12 | 12.5
Dodging        | 4 5 6 8 |  8.1
Spellcasting   | 5 6 7 9 |  9.0
Transmutations | 3 4 |  4.5
Invocations    | 3 4 5 6 |  6.9
Conjurations   | 3 5 |  5.2
Stealth        | |  2.4

Action                   |  1- 3 |  4- 6 |  7- 9 || total
-------------------------+-------+-------+-------++-------
Melee: Unarmed           |     7 |       |       ||     7
       Quarterstaff      |     4 |    11 |       ||    15
 Cast: Sandblast         |     9 |     1 |     2 ||    12
       Lee's Rapid Decon |       |     5 |     9 ||    14
Invok: Channel Magic     |       |     1 |     1 ||     2
Armor: Robe              |     2 |       |       ||     2
Dodge: Dodged            |     5 |     2 |     3 ||    10

Table legend: (Time is in decaauts)
 A = Elapsed time spent in this place.
 B = Non-inter-level travel time spent in this place.
 C = Inter-level travel time spent in this place.
 D = Time resting spent in this place.
 E = Time spent auto-exploring this place.
 F = Levels seen in this place.
 G = Mean time per level.
                   A        B        C        D        E       F      G
               +--------+--------+--------+--------+--------+-----+--------+
         Total |    985 |    966 |     19 |    738 |      0 |   1 |  985.0 |
       Dungeon |    985 |    966 |     19 |    738 |      0 |   1 |  985.0 |
               +--------+--------+--------+--------+--------+-----+--------+

Top non-repeatable levels by time:
       D: 985 daAuts
